 Dungeon Crawl Stone Soup version 0.29-a0-553-g81b289dbe5 (webtiles) character file.

Game seed: 4695585883423616974

32 nobbins the Stinger (level 3, -1/26 HPs)
             Began as a Draconian Venom Mage on June 7, 2022.
             Slain by Natasha (7 damage)
             ... on level 2 of the Dungeon.
             The game lasted 00:03:11 (942 turns).

nobbins the Stinger (Draconian Venom Mage)           Turns: 942, Time: 00:03:12

Health: -1/26      AC:  5    Str: 10    XL:     3   Next: 10%
Magic:  5/6        EV: 12    Int: 17    God:
Gold:   39         SH:  0    Dex: 11    Spells: 6/7 levels left

rFire   . . .      SeeInvis .   b - +0 club
rCold   . . .      Faith    .   (no shield)
rNeg    . . .      Spirit   .   (body armour unavailable)
rPois   .          Reflect  .   (helmet restricted)
rElec   .          Harm     .   (no cloak)
rCorr   .          Rampage  .   (no gloves)
Will    .....                   (no boots)
Stlth   ++........              (no amulet)
HPRegen 0.08/turn               (no ring)
MPRegen 0.10/turn               (no ring)

@: no status effects
A: AC +5, unfitting armour, cold-blooded
a: no special abilities


You were on level 2 of the Dungeon.
You visited 1 branch of the dungeon, and saw 2 of its levels.

You collected 39 gold pieces.

Inventory:

Hand Weapons
 b - a +0 club (weapon)
Potions
 a - a potion of magic
 c - a potion of ambrosia {unknown}


   Skills:
 + Level 0.1 Maces & Flails
 + Level 2.0 Dodging
 + Level 1.8 Stealth
 + Level 2.5 Spellcasting
 + Level 1.2 Transmutations
 + Level 3.5 Poison Magic


You had 6 spell levels left.
You knew the following spells:

 Your Spells              Type           Power      Damage    Failure   Level
a - Sting                 Tmut/Pois      40%        1d5       7%          1

Your spell library contained the following spells:

 Spells                   Type           Power      Damage    Failure   Level
 Poisonous Vapours        Pois/Air       16%        N/A       14%         2
 Static Discharge         Conj/Air       2%         N/A       28%         2
 Mephitic Cloud           Conj/Pois/Air  6%         N/A       34%         3
 Olgreb's Toxic Radiance  Pois           14%        N/A       41%         4
 Dispel Undead            Necr           2%         3d7       88%         4
 Sticky Flame             Conj/Fire      2%         2d3       88%         4


Dungeon Overview and Level Annotations

Branches:
Dungeon (2/15)

Altars:

Annotations:
D:2 Natasha


Innate Abilities, Weirdness & Mutations

Your plain brown scales are hard. (AC +5)
You cannot fit into any form of body armour.
You are cold-blooded and may be slowed by cold attacks.


Message History

Casting: Sting (safe; 7% risk of failure)
Confirm with . or Enter, or press ? or * to list all spells.
Aiming: Sting (safe; 7% risk of failure)
Press: ? - help, Shift-Dir - straight line, f - adder
Aim: an adder (lightly wounded, 53% to hit)
You miscast Sting.
You are very lightly contaminated with residual magic.
Nothing appears to happen.
The shadow imp disappears in a puff of smoke!
Natasha casts a spell.
The adder bites you but does no damage.
Casting: Sting (safe; 7% risk of failure)
Confirm with . or Enter, or press ? or * to list all spells.
Aiming: Sting (safe; 7% risk of failure)
Press: ? - help, Shift-Dir - straight line, f/p - adder
Aim: an adder (lightly wounded, 53% to hit)
The sting misses the adder.
The adder bites you but does no damage. The adder barely misses you.
The crimson imp picks up a beetle and eats it.
Natasha attacks as you move away! Natasha claws you but does no damage.
The adder bites you but does no damage. Natasha claws you!
The adder attacks as you move away! The adder bites you but does no damage.
Natasha attacks as you move away! Natasha closely misses you.
Natasha casts a spell.
The adder barely misses you.
The crimson imp blinks!
The crimson imp hits you but does no damage.
The crimson imp attacks as you move away!
The crimson imp barely misses you.
Your magical contamination has completely faded away.
The crimson imp attacks as you move away!
The crimson imp closely misses you. The adder bites you but does no damage.
The adder attacks as you move away! The adder bites you but does no damage.
Natasha attacks as you move away! Natasha claws you.
* * * LOW HITPOINT WARNING * * *
The adder attacks as you move away! The adder barely misses you.
The adder closely misses you. Natasha claws you but does no damage.
The adder attacks as you move away! The adder misses you.
Natasha attacks as you move away! Natasha claws you!
You die...

..#.........# ############.....#
#...........####..........#.....#
##........................#......
............####........#.#......
##...............................
.##.............................#
.######.##.####.................#
.<......##.......h...##...#.....#
.)..............@S5..##..##.....#
...#############.#......###.....#
...# ##......#....##....### ....
..........#.......#### ...##
####......#......## ....
#.............# ....
#......#......# #......#.#.#...#
#........#.#.#...


You could see Natasha, a crimson imp (summoned) and an adder.

Vanquished Creatures
  A gnoll (D:1)
  A ball python (D:1)
  3 bats (D:1)
  4 endoplasms (D:1)
  4 goblins
  2 quokkas (D:1)
  5 frilled lizards (D:1)
  A rat (D:1)
21 creatures vanquished.

Notes
Turn   | Place    | Note
-------+----------+-------------------------------------------
     0 | D:1      | nobbins the Draconian Venom Mage began the quest for the
                  | Orb.
     0 | D:1      | Reached XP level 1. HP: 14/14 MP: 3/3
   115 | D:1      | Reached XP level 2. HP: 15/20 MP: 0/5
   677 | D:1      | Reached XP level 3. HP: 26/26 MP: 2/6
   913 | D:2      | Noticed Natasha
   942 | D:2      | Slain by Natasha

Illustrated notes

Levels and vault maps discovered:
D:1:      saegor_arrival_under_anarchy, layout_loops_ring,
          ebering_ecumenical_altar_box, serial_bayou_pond_e
D:2:      layout_rooms, nicolae_figureground_sparkle, uniq_natasha

Skill      XL: |  1  2 |
---------------+-------+-----
Dodging        | 2 |  2.0
Maces & Flails | |  0.1
Stealth        | |  1.8
Spellcasting   | |  2.5
Transmutations | |  1.2
Poison Magic   | |  3.5

Action                   || total
-------------------------++-------
Melee: Unarmed           ||     3
       Tailslap          ||     4
       Club              ||    33
 Cast: Sting             ||    34
  Use: Scroll            ||     1
Armor: Skin              ||    37
Dodge: Dodged            ||    60

Table legend: (Time is in decaauts)
 A = Elapsed time spent in this place.
 B = Non-inter-level travel time spent in this place.
 C = Inter-level travel time spent in this place.
 D = Time resting spent in this place.
 E = Time spent auto-exploring this place.
 F = Levels seen in this place.
 G = Mean time per level.
                   A        B        C        D        E       F      G
               +--------+--------+--------+--------+--------+-----+--------+
         Total |    953 |    936 |     17 |      0 |    682 |   2 |  476.5 |
       Dungeon |    953 |    936 |     17 |      0 |    682 |   2 |  476.5 |
               +--------+--------+--------+--------+--------+-----+--------+

Top non-repeatable levels by time:
     D:1: 865 daAuts
     D:2: 87 daAuts
